 Dungeon Crawl Stone Soup version 0.24-a0-235-g3f03afcf10 (webtiles) character file.

Game seed: 15906194631625453845

5394 CedricTheThird the Cleaver (level 10, -6/70 HPs)
             Began as a Demonspawn Fighter on Apr 8, 2019.
             Was a Follower of Uskayaw.
             Killed from afar by a starcursed mass (8 damage)
             ... with an accursed screaming
             ... on level 4 of the Abyss on Apr 9, 2019.
             The game lasted 00:35:13 (8547 turns).

CedricTheThird the Cleaver (Demonspawn Fighter)     Turns: 8547, Time: 00:35:13

Health: -6/70      AC: 24    Str: 17      XL:     10   Next: 40%
Magic:  0/13       EV:  9    Int:  7      God:    Uskayaw [*.....]
Gold:   121        SH:  0    Dex:  9 (10) Spells: 11/11 levels left

rFire    + . .     SeeInvis .   r - +2 battleaxe
rCold    . . .     Gourm    .   (shield currently unavailable)
rNeg     . . .     Faith    .   N - +0 plate armour
rPois    .         Spirit   +   g - +2 hat
rElec    .         Reflect  .   E - +0 cloak
rCorr    .         Harm     .   d - +0 pair of gloves
MR       +....     Rnd*Rage +   (no boots) Stlth ..........Rnd*Tele +
                                v - amulet of regeneration
HPRegen  0.61/turn              b - ring of protection from fire
MPRegen  0.13/turn              j - +4 ring of evasion

@: sanguine armour
A: hooves 2, agile 1, [berserk 2], clever 1, [clumsy 2], [dopey 2], magic
resistance 1, [teleportitis 2], [weak 2], evolution 1, magic shield, sanguine
armour 2
a: Stomp, Renounce Religion


You were on level 4 of the Abyss.
You worshipped Uskayaw.
Uskayaw was noncommittal.
You were not hungry.

You visited 2 branches of the dungeon, and saw 9 of its levels.
You visited the Abyss 1 time.
You also visited: Sewer and Ossuary.

You collected 901 gold pieces.
You spent 780 gold pieces at shops.

Inventory:

Hand Weapons
 a - a +1 war axe
 r - a +2 battleaxe (weapon)
Missiles
 H - a throwing net (quivered)
Armour
 c - a +0 shield
 d - a +0 pair of gloves (worn)
 g - a +2 hat (worn)
 E - a +0 cloak (worn)
 N - a +0 plate armour (worn)
Jewellery
 b - a ring of protection from fire (left hand)
 j - a +4 ring of evasion (right hand)
 v - an amulet of regeneration (around neck)
 B - an uncursed ring of flight
 O - an uncursed ring of protection from fire
Wands
 m - a wand of iceblast (4)
 F - a wand of flame (6)
Scrolls
 i - 2 scrolls of teleportation
 k - 5 scrolls of identify
 l - 5 scrolls of remove curse
 o - a scroll of enchant armour
 q - 6 scrolls of magic mapping
 w - 3 scrolls of fog
 y - 3 scrolls of amnesia
 G - 2 scrolls of enchant weapon
Potions
 e - 4 potions of curing
 n - 3 potions of cancellation
 p - 2 potions of heal wounds
 s - 6 potions of brilliance
 t - a potion of magic
 u - 4 potions of might
 z - 2 potions of haste
 A - a potion of invisibility
 D - a potion of degeneration {unknown}
 I - a potion of berserk rage {unknown}
 K - a potion of lignification {unknown}
 M - 2 potions of mutation
Comestibles
 f - 20 rations


   Skills:
 - Level 3.0 Fighting
 * Level 13.4 Axes
 - Level 2.6 Armour
 - Level 2.6 Shields
 - Level 1.1 Spellcasting
 + Level 4.1 Invocations


You had 11 spell levels left.
You didn't know any spells.
Your spell library contained the following spells:

 Spells                   Type           Power        Failure   Level  Hunger
 Confusing Touch          Hex            #.....       100%        1    ##.....
 Corona                   Hex            #......      100%        1    ##.....
 Magic Dart               Conj           #...         100%        1    ##.....
 Blink                    Tloc           N/A          100%        2    ###....
 Call Imp                 Summ           #.......     100%        2    ###....
 Ensorcelled Hibernation  Hex/Ice        #.....       100%        2    ###....
 Slow                     Hex            #.......     100%        2    ###....
 Confuse                  Hex            #.......     100%        3    ####...
 Conjure Flame            Conj/Fire      #.......     100%        3    ####...
 Dazzling Spray           Conj/Hex       #.....       100%        3    ####...
 Gell's Gravitas          Tloc           #.........   100%        3    ####...
 Mephitic Cloud           Conj/Pois/Air  #.......     100%        3    ####...
 Tukima's Dance           Hex            #.......     100%        3    ####...
 Petrify                  Tmut/Erth      #.......     100%        4    #####..
 Metabolic Englaciation   Hex/Ice        #.........   100%        5    ######.
 Yara's Violent Unravell  Hex/Tmut       #.........   100%        5    ######.


Dungeon Overview and Level Annotations

Branches:
Dungeon (8/15)             Temple (1/1) D:7
   Lair: D:8-11

Altars:
Ashenzari
Cheibriados
Dithmenos
Elyvilon
Fedhas
Gozag
Hepliaklqana
Kikubaaqudgha
Makhleb
Nemelex Xobeh
Okawaru
Qazlal
Ru
Sif Muna
Trog
Uskayaw
Vehumet
Wu Jian
Xom
Yredelemnul
Zin
The Shining One

Shops:
D:8 %[

Annotations:
D:8 Psyche


Innate Abilities, Weirdness & Mutations

You have hoof-like feet.
When hurt, damage is shared between your health and your magic reserves.
When seriously injured, your bleeding wounds create thick armour. (AC +9)
You are agile. (Dex +2)
Your mind is acute. (Int +2)
You are resistant to hostile enchantments. (MR+)
You evolve.
[You often lose your temper in combat.]
[You are very clumsy. (Dex -4)]
[You are very dopey. (Int -4)]
[You are sometimes teleported next to monsters.]
[You are very weak. (Str -4)]


Message History

A starcursed mass splits. x2
Found a scroll of teleportation.
You can no longer pass through a line of other dancers.
A chorus of shrieks assaults your mind.
A large abomination comes into view.
A deafening chorus of shrieks assaults your mind!
A deafening chorus of shrieks assaults your mind!
* * * LOW HITPOINT WARNING * * *
You suddenly lose the ability to move!
You can move again.
You see here a scroll of teleportation.
i - 2 scrolls of teleportation (gained 1)
A deafening chorus of shrieks assaults your mind!
* * * LOW HITPOINT WARNING * * *
A starcursed mass splits.
There are no items here.
The starcursed mass engulfs you.
* * * LOW HITPOINT WARNING * * *
A cacophony of accursed wailing tears at your sanity!
You die...

#.....X#.#. #
####.#.X...##
#.#...X###..###...
#...#...X.....X#
##.####X#XX..##ยงยง#
##.....X.#X...# #
#..#...X....###
#.#..X.#......#
#..@.X### .....
#.##### #.#..# #
##..# ##


You could see 8 starcursed masses and a large abomination.

Vanquished Creatures
  Pikel (D:5)
  A raiju (Abyss:3)
  A hornet (D:7)
  2 hippogriffs
  Sigmund (D:2)
  A spriggan (D:7)
  4 fire bats (D:8)
  4 yaks (D:8)
  A hell hound (D:8)
  2 orc warriors (D:8)
  A sky beast (D:8)
  An eye of draining (shapeshifter) (Abyss:3)
  3 ogres
  6 bullfrogs
  3 scorpions
  4 wights (D:8)
  2 crimson imps (D:8)
  A quasit (Abyss:2)
  2 hounds
  2 lava snakes (D:8)
  3 orc priests (D:8)
  6 orc wizards
  A gnoll shaman (D:3)
  An iguana (D:8)
  Natasha (twice) (D:2)
  6 worker ants
  A big kobold zombie (Ossuary)
  A hound skeleton (D:8)
  8 mummies (Ossuary)
  7 gnolls (D:6)
  5 river rats (Sewer)
  20 adders
  A shadow imp (D:8)
  An ooze (D:2)
  An adder zombie (D:6)
  A worm (D:1)
  2 dart slugs
  4 leopard geckos
  22 orcs
  12 ball pythons
  6 bats
  7 giant cockroaches
  2 gnoll zombies (Ossuary)
  8 goblins
  6 hobgoblins
  10 jackals
  9 kobolds
  2 quokkas
  3 frilled lizards
  2 hobgoblin zombies (Ossuary)
  A kobold zombie (Ossuary)
  2 orc zombies (Ossuary)
  41 rats
  2 fire vortices (D:8)
249 creatures vanquished.

Vanquished Creatures (others)
  A frilled lizard (D:5)
  A fire vortex (D:8)
  A lurking horror (Abyss:3)
  2 starspawn tentacles (Abyss:4)
5 creatures vanquished.

Grand Total: 254 creatures vanquished

Notes
Turn   | Place    | Note
-------+----------+-------------------------------------------
     0 | D:1      | CedricTheThird the Demonspawn Fighter began the quest for
                  | the Orb.
     0 | D:1      | Reached XP level 1. HP: 18/18 MP: 1/1
    52 | D:1      | Reached skill level 2 in Axes
   267 | D:1      | Gained mutation: When seriously injured, your bleeding
                  | wounds create armour. (AC +9) [demonic ancestry]
   267 | D:1      | Reached XP level 2. HP: 24/24 MP: 2/2
   288 | D:1      | Reached skill level 3 in Axes
   558 | D:1      | Reached XP level 3. HP: 29/29 MP: 3/3
   937 | D:2      | Noticed Sigmund
  1613 | D:2      | Gained mutation: When hurt, damage is shared between your
                  | health and your magic reserves. [demonic ancestry]
  1613 | D:2      | Reached XP level 4. HP: 35/35 MP: 4/4
  1784 | D:2      | Noticed Natasha
  1786 | D:2      | Gained mutation: You evolve. [potion of mutation]
  1786 | D:2      | Gained mutation: You have a pair of small horns on your
                  | head. [potion of mutation]
  1786 | D:2      | Gained mutation: You passively map a small area around you.
                  | [potion of mutation]
  1791 | D:2      | Reached skill level 4 in Axes
  1817 | D:2      | Killed Natasha
  1881 | D:2      | Noticed Natasha
  1893 | D:2      | Killed Natasha
  1893 | D:2      | Reached skill level 1 in Spellcasting
  2111 | D:2      | Killed Sigmund
  2111 | D:2      | Reached skill level 5 in Axes
  2111 | D:2      | Reached XP level 5. HP: 39/41 MP: 6/6
  2111 | D:2      | Gained mutation: You have large cloven feet. [demonic
                  | ancestry]
  2111 | D:2      | Reached XP level 6. HP: 45/47 MP: 7/7
  2144 | D:2      | Found a faded altar of an unknown god.
  2464 | D:3      | Reached skill level 6 in Axes
  2900 | D:3      | Gained mutation: You expend magic power (3 MP) to
                  | strengthen your wands. [evolution]
  3223 | D:3      | Lost mutation: You expend magic power (3 MP) to strengthen
                  | your wands. [potion of mutation]
  3223 | D:3      | Lost mutation: You passively map a small area around you.
                  | [potion of mutation]
  3223 | D:3      | Lost mutation: You have a pair of small horns on your head.
                  | [potion of mutation]
  3223 | D:3      | Gained mutation: You have hoof-like feet. [potion of
                  | mutation]
  3223 | D:3      | Gained mutation: You are resistant to hostile enchantments.
                  | (MR+) [potion of mutation]
  3223 | D:3      | Gained mutation: You are agile. (Dex +2) [potion of
                  | mutation]
  3310 | D:4      | Found a glowing drain.
  3323 | Sewer    | Entered a sewer
  3840 | Sewer    | Mutation became permanent: You have large cloven feet.
                  | [demonic ancestry]
  3840 | Sewer    | Gained mutation: You have hoof-like feet. [demonic
                  | ancestry]
  3840 | Sewer    | Reached XP level 7. HP: 41/52 MP: 5/8
  3883 | Sewer    | Reached skill level 7 in Axes
  4235 | D:4      | Found a shattered altar of Ashenzari.
  4485 | D:4      | Found an opulent altar of Gozag.
  4525 | D:4      | Reached skill level 8 in Axes
  4949 | D:5      | Entered Level 5 of the Dungeon
  4986 | D:5      | Noticed Pikel
  5013 | D:5      | Gained mutation: Your muscles are strong. (Str +2)
                  | [evolution]
  5023 | D:5      | Killed Pikel
  5023 | D:5      | Reached skill level 9 in Axes
  5023 | D:5      | Reached XP level 8. HP: 34/58 MP: 6/9
  5769 | D:6      | Reached skill level 10 in Axes
  6350 | D:7      | Noticed a hippogriff
  6353 | D:7      | Found a hide-covered altar of Uskayaw.
  6358 | D:7      | Killed a hippogriff
  6373 | D:7      | Became a worshipper of Uskayaw the Reveler
  6378 | D:7      | Noticed a hornet
  6382 | D:7      | Reached * piety under Uskayaw
  6383 | D:7      | Reached ** piety under Uskayaw
  6385 | D:7      | Gained mutation: When seriously injured, your bleeding
                  | wounds create thick armour. (AC +9) [demonic ancestry]
  6385 | D:7      | Reached XP level 9. HP: 59/63 MP: 8/10
  6385 | D:7      | Reached *** piety under Uskayaw
  6393 | D:7      | Reached skill level 11 in Axes
  6489 | D:7      | Found a staircase to the Ecumenical Temple.
  6567 | D:7      | Found a sand-covered staircase.
  6576 | Ossuary  | Entered an ossuary
  6602 | Ossuary  | Reached **** piety under Uskayaw
  6609 | Ossuary  | Reached ***** piety under Uskayaw
  6964 | Temple   | Entered the Ecumenical Temple
  7131 | D:8      | Found Imoxkif's Antique Armour Shop.
  7149 | D:8      | Noticed Psyche
  7167 | D:8      | Found Bippiust's Food Emporium.
  7234 | D:8      | Lost mutation: Your muscles are strong. (Str +2)
                  | [evolution]
  7317 | D:8      | Reached skill level 12 in Axes
  7344 | D:8      | Reached ****** piety under Uskayaw
  7391 | D:8      | Reached XP level 10. HP: 66/70 MP: 9/11
  7426 | D:8      | Reached skill level 1 in Invocations
  7434 | D:8      | Reached skill level 13 in Axes
  7588 | D:8      | Bought a glowing plate armour for 780 gold pieces
  7769 | D:8      | Cast into level 1 of the Abyss (Psyche)
  7807 | Abyss:1  | Gained mutation: Your mind is acute. (Int +2) [evolution]
  7810 | Abyss:1  | Noticed a large abomination
  8012 | Abyss:3  | Noticed a lich
  8014 | Abyss:3  | Noticed a blizzard demon
  8017 | Abyss:3  | Noticed a naga warrior
  8018 | Abyss:3  | Noticed an Executioner
  8020 | Abyss:3  | Noticed an Executioner
  8020 | Abyss:3  | Noticed a glowing orange brain
  8030 | Abyss:3  | Noticed a starcursed mass
  8068 | Abyss:3  | Noticed an apocalypse crab
  8094 | Abyss:3  | Noticed a tentacled starspawn
  8131 | Abyss:3  | Noticed a smoke demon
  8166 | Abyss:3  | Noticed a large abomination
  8174 | Abyss:3  | Noticed a tentacled starspawn
  8176 | Abyss:3  | Noticed a worldbinder
  8183 | Abyss:3  | Noticed a thrashing horror
  8363 | Abyss:3  | Noticed a sun demon
  8465 | Abyss:4  | Noticed a thrashing horror
  8474 | Abyss:4  | Noticed a wretched star
  8474 | Abyss:4  | Noticed a tentacled starspawn
  8496 | Abyss:4  | Noticed a red very ugly thing
  8496 | Abyss:4  | Noticed a glowing orange brain
  8498 | Abyss:4  | Noticed a starcursed mass
  8528 | Abyss:4  | Noticed a starcursed mass
  8542 | Abyss:4  | Noticed a large abomination
  8545 | Abyss:4  | Paralysed by accursed screaming for 1 turns
  8547 | Abyss:4  | HP: 2/70 [starcursed mass (4)]
  8547 | Abyss:4  | Killed from afar by a starcursed mass

Levels and vault maps discovered:
D:1:      psy_arrival_radial02, layout_basic
D:2:      layout_basic, chequers_ecumenical_altar_simple, uniq_sigmund,
          uniq_natasha
D:3:      layout_basic, minmay_joined_circles
D:4:      layout_loops_ring, nicolae_gozag_cash_rules_everything_around_me,
          portal_sewer_entry_e, grunt_ministairs_1, ashenzari_altar_1
D:5:      layout_cave_pools, first_ration, uniq_pikel
D:6:      layout_loops_corners
D:7:      layout_cave_pools, minmay_temple_entry_glass, basic_altar,
          nicolae_ossuary_entry_ruins, the_bakery
D:8:      layout_rooms, serial_shops, shop, shop, hangedman_incinerator,
          uniq_psyche
Temple:   kilobyte_greek_temple
Abyss:1
Abyss:2
Abyss:3:  evilmike_abyss_rune_ettins, minivault_27
Abyss:4:  nicolae_abyss_rune_left_handed, evilmike_abyss_exit_chaos
Sewer:    sewer_minmay_w
Ossuary:  ossuary_tomb_3

Skill      XL: |  1  2  3  4  5  6  7  8  9 10 |
---------------+-------------------------------+-----
Axes           | 2 3 5 6 9 10 12 13 | 13.4
Spellcasting   | 1 |  1.1
Invocations    | 4 |  4.1
Fighting       | |  3.0
Armour         | |  2.6
Shields        | |  2.6

Action                   |  1- 3 |  4- 6 |  7- 9 | 10-12 || total
-------------------------+-------+-------+-------+-------++-------
Melee: War axe           |   106 |   199 |   301 |    73 ||   679
       Headbutt          |       |    13 |       |       ||    13
       Kick              |       |    27 |    95 |    39 ||   161
       Battleaxe         |       |       |       |    43 ||    43
Evoke: Wand              |       |       |     4 |     4 ||     8
  Use: Scroll            |     6 |     1 |    10 |    17 ||    34
       Potion            |     1 |     3 |     1 |     9 ||    14
 Stab: Paralysed         |       |       |    12 |     6 ||    18
  Eat: Chunk             |     2 |     4 |    12 |     2 ||    20
       Ration            |       |     1 |       |     1 ||     2
Armor: Scale mail        |    78 |   101 |    44 |       ||   223
       Chain mail        |       |       |    82 |       ||    82
       Plate armour      |       |       |     8 |    92 ||   100
Dodge: Dodged            |    47 |    66 |    93 |    75 ||   281
Block: Shield            |    70 |   103 |   111 |    20 ||   304

Table legend:
 A = Non-vault XP
 B = Vault XP
 C = Vault XP percentage of total XP
 D = Non-vault monster count
 E = Vault monster count
 F = Vault count percentage of total count
                 A         B        C        D         E       F
            +---------+---------+-------+---------+---------+-------
      Total |    4868 |    2839 |  36.8 |     150 |      97 |  39.3
            +---------+---------+-------+---------+---------+-------
        D:1 |      52 |       0 |   0.0 |      29 |       0 |   0.0
        D:2 |     101 |     258 |  71.9 |      23 |       2 |   8.0
        D:3 |      58 |      74 |  56.1 |      16 |      12 |  42.9
        D:4 |     229 |      26 |  10.2 |      10 |      10 |  50.0
        D:5 |     178 |     651 |  78.5 |       5 |       1 |  16.7
        D:6 |     396 |       0 |   0.0 |      16 |       0 |   0.0
        D:7 |     659 |     215 |  24.6 |       6 |       1 |  14.3
        D:8 |    2742 |    1033 |  27.4 |      42 |       7 |  14.3
    Abyss:2 |      46 |       0 |   0.0 |       1 |       0 |   0.0
    Abyss:3 |     407 |       0 |   0.0 |       2 |       0 |   0.0
      Sewer |       0 |     399 | 100.0 |       0 |      48 | 100.0
    Ossuary |       0 |     183 | 100.0 |       0 |      16 | 100.0
            +---------+---------+-------+---------+---------+-------
